Map: Jagannatha LE

Players

Reynor - Winner!

  • Race: Zerg Zerg

Harstem

  • Race: Protoss Protoss

Event: DreamHack SC2 Masters 2021 Fall

VOD

Have the link to the VOD?

Description

Time

  • Played on: July 31, 2021, 1:48 p.m.
  • Length: 9:46

All games in this series

Show
View Real Time Build Order
Export as new Build Order

Reynor Zerg - Winner!

Build Orders: Pool First 

Get SALT Encoding   

  12  0:16  Spawning Pool  
  11  0:22  Drone  
  11  0:26  Drone  
  13  0:30  Drone  
  14  0:39  Overlord  
  14  1:04  Zergling x4  
  16  1:05  Zergling x2  
  19  1:15  Queen  
  19  1:16  Zergling x2  
  20  1:31  Hatchery  
  19  1:36  Zergling x2  
  19  1:39  Drone  
  21  1:47  Overlord  
  21  1:59  Drone  
  22  2:08  Queen  
  24  2:10  Extractor  
  24  2:12  Drone  
  24  2:20  Drone  
  25  2:25  Drone  
  25  2:26  Drone x2  
  28  2:33  Drone  
  29  2:43  Overlord  
  28  2:44  Drone  
  29  2:51  Queen  
  29  2:55  Drone  
  32  2:59  Drone  
  32  3:04  Drone  
  32  3:05  Drone  
  35  3:10  Metabolic Boost  
  35  3:15  Drone  
  35  3:17  Drone  
  37  3:21  Drone x2  
  37  3:25  Overlord  
  39  3:28  Zergling x2  
  39  3:30  Drone  
  39  3:33  Drone  
  42  3:34  Drone  
  43  3:47  Drone  
  44  3:49  Hatchery  
  44  3:50  Drone  
  44  3:53  Drone x2  
  46  3:57  Overlord  
  46  4:02  Drone x2  
  48  4:05  Queen  
  48  4:08  Drone  
  51  4:13  Spore Crawler  
  51  4:14  Drone  
  51  4:16  Overlord  
  51  4:19  Queen  
  52  4:40  Drone x7  
  52  4:41  Drone  
  52  4:42  Drone  
  59  4:51  Overlord  
  58  4:57  Overlord  
  58  4:58  Extractor  
  58  4:59  Roach Warren  
  55  5:00  Queen x2, Extractor  
  55  5:03  Overlord  
  58  5:11  Drone x5  
  58  5:12  Drone x2  
  65  5:15  Spore Crawler  
  65  5:16  Queen  
  67  5:23  Overlord  
  67  5:24  Drone x4  
  67  5:26  Drone  
  67  5:27  Drone  
  74  5:28  Drone  
  74  5:32  Overlord  
  74  5:39  Roach x4  
  74  5:42  Roach  
  84  5:44  Extractor  
  84  5:45  Queen  
  84  5:48  Roach  
  87  5:50  Roach  
  87  5:52  Roach  
  87  5:55  Overlord  
  87  5:56  Spore Crawler  
  90  5:57  Roach  
  90  5:58  Zergling x2  
  90  6:02  Ravager x2  
  95  6:10  Overlord  
  95  6:12  Overlord  
  95  6:13  Queen  
  95  6:16  Ravager  
  98  6:21  Overlord  
  98  6:29  Zergling x2, Roach x4  
  106  6:33  Lair  
  106  6:35  Zergling x6, Roach x3  
  106  6:36  Zergling x2  
  106  6:39  Zergling x2, Roach x3  
  122  6:40  Zergling x2  
  122  6:45  Evolution Chamber  
  122  6:47  Zergling x2  
  122  6:48  Overlord  
  122  6:53  Overlord  
  122  7:04  Zergling x4  
  122  7:06  Overlord  
  121  7:08  Zergling x2, Roach  
  121  7:09  Zergling x12  
  121  7:13  Zerg Missile Weapons Level 1  
  130  7:16  Drone  
  130  7:19  Drone  
  130  7:20  Drone  
  133  7:27  Roach x4  
  141  7:30  Roach x2  
  141  7:34  Glial Reconstitution, Overlord  
  141  7:36  Overlord  
  144  7:39  Roach  
  146  7:47  Overlord x2  
  146  7:51  Overlord  
  146  7:53  Roach x2  
  146  7:54  Roach  
  152  8:00  Roach x2  
  152  8:02  Roach  
  152  8:03  Roach x2  
  152  8:04  Overlord  
  162  8:05  Overseer  
  162  8:07  Roach x3  
  162  8:12  Drone  
  169  8:13  Roach x2  
  169  8:15  Ravager x2  
  169  8:16  Overseer  
  171  8:21  Roach x2  
  171  8:24  Roach  
  171  8:26  Roach  
  179  8:29  Roach  
  183  8:34  Zergling x10, Roach  
  183  8:35  Zergling x2  
  183  8:37  Overseer  
  189  8:41  Roach  
  189  8:42  Overlord, Roach  
  189  8:43  Overlord  
  189  8:44  Zergling x2  
  194  8:49  Overlord  
  194  8:57  Spore Crawler, Overlord  
  194  8:59  Zergling x2  
  191  9:04  Roach x4  
  191  9:08  Roach x3  
  191  9:09  Zergling x2, Roach  
  188  9:18  Roach x5  
  188  9:20  Roach  
Show
View Real Time Build Order
Export as new Build Order

Harstem Protoss 

Build Orders: Oracle Opening 

Get SALT Encoding   

  12  0:00  Probe  
  13  0:12  Probe  
  14  0:20  Pylon  
  14  0:24  Probe  
  15  0:38  Probe (Chrono Boost)  
  15  0:40  Gateway  
  16  0:47  Probe (Chrono Boost)  
  16  0:49  Assimilator  
  17  0:52  Probe (Chrono Boost)  
  18  1:04  Probe  
  18  1:06  Pylon  
  19  1:27  Cybernetics Core, Zealot (Chrono Boost)  
  19  1:29  Pylon  
  20  1:33  Probe  
  21  1:45  Gateway, Probe  
  22  1:51  Zealot (Chrono Boost)  
  24  2:08  Adept (Chrono Boost)  
  26  2:19  Nexus  
  26  2:23  Probe  
  26  2:28  Assimilator  
  27  2:34  Pylon  
  27  2:36  Adept  
  29  2:38  Probe  
  30  2:48  Stargate  
  30  2:51  Probe  
  31  3:03  Probe  
  32  3:12  Warp Gate  
  32  3:15  Probe (Chrono Boost)  
  33  3:24  Void Ray (Chrono Boost), Gateway  
  34  3:27  Probe (Chrono Boost)  
  39  3:34  Probe (Chrono Boost)  
  39  3:36  Probe (Chrono Boost)  
  40  3:41  Probe  
  40  3:45  Probe  
  42  3:53  Probe  
  43  3:57  Probe  
  43  3:59  Oracle  
  47  4:05  Probe  
  47  4:08  Twilight Council  
  47  4:09  Probe  
  49  4:18  Probe  
  49  4:21  Probe  
  49  4:24  Pylon  
  52  4:33  Robotics Facility  
  52  4:36  Nexus  
  51  4:39  Probe  
  51  4:40  Probe  
  51  4:46  Pylon  
  51  4:49  Charge (Chrono Boost)  
  51  4:51  Probe  
  47  5:02  Gateway  
  47  5:03  Gateway  
  47  5:04  Assimilator  
  47  5:12  Gateway  
  47  5:17  Gateway, Warp Prism (Chrono Boost)  
  49  5:27  Gateway  
  49  5:28  Probe  
  50  5:29  Probe  
  51  5:37  Zealot x2  
  55  5:43  Gateway  
  55  5:45  Probe  
  55  5:46  Probe  
  58  5:56  Pylon  
  58  5:57  Zealot  
  60  5:58  Zealot x2  
  60  6:01  Zealot  
  60  6:02  Probe  
  66  6:12  Zealot x2  
  70  6:19  Zealot x3  
  70  6:21  Zealot  
  70  6:25  Zealot  
  78  6:34  Probe x2  
  78  6:36  Dark Shrine  
  72  6:40  Probe (Chrono Boost)  
  72  6:42  Zealot x2  
  75  6:49  Probe x2 (Chrono Boost)  
  75  6:52  Probe (Chrono Boost)  
  75  6:55  Robotics Bay  
  75  6:56  Shield Battery, Sentry  
  75  6:57  Sentry  
  80  7:01  Shield Battery  
  80  7:02  Probe (Chrono Boost)  
  80  7:03  Zealot  
  82  7:09  Probe (Chrono Boost)  
  82  7:10  Probe (Chrono Boost)  
  82  7:13  Pylon, Probe (Chrono Boost)  
  85  7:21  Probe (Chrono Boost)  
  87  7:24  Probe (Chrono Boost)  
  87  7:26  Assimilator  
  87  7:29  Assimilator, Probe (Chrono Boost)  
  85  7:31  Assimilator, Probe (Chrono Boost)  
  85  7:33  Probe (Chrono Boost)  
  87  7:38  Probe x3 (Chrono Boost)  
  87  7:39  Blink  
  87  7:42  Disruptor (Chrono Boost)  
  89  7:47  Probe  
  89  7:48  Pylon, Probe x2  
  89  7:51  Forge, Dark Templar  
  95  7:54  Sentry, Stalker  
  101  8:00  Pylon  
  101  8:05  Probe  
  101  8:08  Pylon  
  101  8:15  Stalker  
  101  8:16  Stalker x3  
  109  8:20  Probe  
  109  8:22  Zealot x3  
  116  8:28  Disruptor (Chrono Boost)  
  119  8:37  Photon Cannon  
  119  8:38  Shield Battery  
  119  8:40  Photon Cannon  
  119  8:41  Stalker  
  119  8:42  Stalker x2  
  119  8:47  Pylon  
  125  9:04  Disruptor  
  114  9:11  Stalker x6  
  114  9:15  Probe  
  119  9:20  Stalker x2  
  107  9:24  Probe  
  88  9:34  Zealot x3  
  88  9:35  Zealot x3  

Tags
 
Add a new tag
Caveats
  • Supply blocks, unpowered buildings, or Contaminate may cause inaccurate times.
  • Supply counts are checked every 10 seconds.